 Dungeon Crawl Stone Soup version 0.25.1-8-g42b30a86e7 (webtiles) character file.

Game seed: 9568647449792154474

154 gruber the Chiller (level 5, 27/35 HPs)
             Began as a Demonspawn Ice Elementalist on Dec 21, 2020.
             Quit the game on level 3 of the Dungeon.
             The game lasted 00:03:14 (2883 turns).

gruber the Chiller (Demonspawn Ice Elementalist)    Turns: 2883, Time: 00:03:15

Health: 27/35      AC:  4    Str:  9    XL:     5   Next: 13%
Magic:  3/10       EV: 12    Int: 17    God:
Gold:   62         SH:  0    Dex: 13    Spells: 7/11 levels left

rFire    + . .     SeeInvis .   q - -1 mace (curse)
rCold    + . .     Gourm    .   (no shield)
rNeg     . . .     Faith    .   a - +0 robe
rPois    .         Spirit   .   (no helmet)
rElec    .         Reflect  .   (no cloak)
rCorr    .         Harm     .   (no gloves)
MR       .....                  (no boots)
Stlth    ++........             (no amulet)
HPRegen  0.11/turn              r - ring of protection from fire
MPRegen  0.12/turn              (no ring)

@: very slightly contaminated
A: molten scales 1, cold resistance 1, freezing cloud immunity
a: no special abilities


You were on level 3 of the Dungeon.
You were not hungry.

You visited 1 branch of the dungeon, and saw 3 of its levels.

You collected 62 gold pieces.

Inventory:

Hand Weapons
 q - a cursed -1 mace (weapon)
Armour
 a - a +0 robe (worn)
Jewellery
 r - a ring of protection from fire (left hand)
Scrolls
 d - 2 scrolls of immolation {unknown}
 e - 3 scrolls of identify {unknown}
 i - a scroll of remove curse {unknown}
 k - a scroll of random uselessness {unknown}
 l - a scroll of teleportation {unknown}
 n - a scroll of noise {unknown}
Potions
 b - 2 potions of berserk rage {unknown}
 f - 2 potions of curing {unknown}
 g - 2 potions of haste {unknown}
 h - a potion of heal wounds {unknown}
 m - 3 potions of stabbing {unknown}
 o - 3 potions of brilliance {unknown}
 p - a potion of cancellation {unknown}
Comestibles
 c - 5 rations
 j - 3 chunks of flesh


   Skills:
 - Level 1.7 Dodging
 - Level 1.7 Stealth
 + Level 3.5 Spellcasting
 + Level 5.0 Ice Magic


You had 7 spell levels left.
You knew the following spells:

 Your Spells              Type           Power        Failure   Level  Hunger
a - Freeze                Ice            ###.         1%          1    None
b - Frozen Ramparts       Ice            ###...       6%          3    ###....

Your spell library contained the following spells:

 Spells                   Type           Power        Failure   Level  Hunger
 Ozocubu's Armour         Chrm/Ice       ##......     17%         3    ###....
 Hailstorm                Conj/Ice       ##......     50%         4    ####...
 Summon Ice Beast         Ice/Summ       ##......     50%         4    ####...


Dungeon Overview and Level Annotations

Branches:
Dungeon (3/15)

Altars:
Okawaru
Sif Muna


Innate Abilities, Weirdness & Mutations

You are partially covered in molten scales. (AC +2)
Your flesh is cold resistant. (rC+)
You are immune to freezing clouds.


Message History

The wall freezes the orc wizard.
The orc wizard points at you and mumbles some strange words.
The magic dart hits you.
Unknown command.
The wall freezes the orc wizard.
The orc wizard hits you but does no damage.
Casting: Frozen Ramparts (quite dangerous; 7% risk of failure)
Confirm with . or Enter, or press ? or * to list all spells.
Aiming: Freeze (safe; 2% risk of failure)
Press: ? - help, Shift-Dir - straight line, f - orc wizard
Aim: an orc wizard, wielding a +0 dagger and wearing a +0 robe (almost dead)
You miscast Freeze.
Nothing appears to happen.
The wall freezes the orc wizard.
You kill the orc wizard!
Your Ice Magic skill increases to level 5!
You have reached level 5!
Your demonic ancestry asserts itself...
You feel less concerned about cold.
Unknown command.
You close the door.
The frozen ramparts melt away.
Are you sure you want to abandon this character and quit the game? (Confirm with "yes".)

#....#.#_#.....##.....
#.##.#..#..##.######..
#.##.#.....##.........
#####....####.########.###
#.............# #....
#.####.######## #....
#.....##..###### ##...
#.....#..8#..โ‰ˆ.### #...
#.#.#..._@+).โ‰ˆ>#.# #...
# #+###..8#..โ‰ˆ.#.# ####.
##..######.#####....
#########.'..###...
#.......##.# #รท..
#..........###.##
#.....)........#
#..........#####
#.......#....###


There were no monsters in sight!

Vanquished Creatures
  An orc wizard (D:3)
  A bullfrog skeleton (D:3)
  Terence (D:2)
  An adder (D:3)
  2 oozes
  2 worms
  A dart slug (D:1)
  A leopard gecko (D:1)
  3 orcs
  A ball python (D:3)
  4 giant cockroaches
  3 goblins
  7 hobgoblins
  4 jackals
  2 kobolds
  A quokka (D:3)
  7 bats
  2 frilled lizards (D:1)
  3 rats
47 creatures vanquished.

Notes
Turn   | Place    | Note
-------+----------+-------------------------------------------
     0 | D:1      | gruber the Demonspawn Ice Elementalist began the quest for
                  | the Orb.
     0 | D:1      | Reached XP level 1. HP: 13/13 MP: 3/3
   175 | D:1      | Reached skill level 4 in Ice Magic
   297 | D:1      | Gained mutation: You are partially covered in molten
                  | scales. (AC +2) [demonic ancestry]
   297 | D:1      | Reached XP level 2. HP: 19/19 MP: 3/5
  1046 | D:2      | Gained mutation: Your flesh is cold resistant. (rC+)
                  | [demonic ancestry]
  1046 | D:2      | Reached XP level 3. HP: 9/24 MP: 0/6
  1361 | D:2      | Noticed Terence
  1370 | D:2      | Killed Terence
  1485 | D:2      | Learned a level 3 spell: Frozen Ramparts
  1972 | D:2      | Reached XP level 4. HP: 28/30 MP: 5/8
  2326 | D:3      | Found an iron altar of Okawaru.
  2760 | D:3      | Found a faded altar of an unknown god.
  2861 | D:3      | Found a shimmering blue altar of Sif Muna.
  2880 | D:3      | Reached skill level 5 in Ice Magic
  2880 | D:3      | Gained mutation: You are immune to freezing clouds.
                  | [demonic ancestry]
  2880 | D:3      | Reached XP level 5. HP: 27/35 MP: 3/10
  2883 | D:3      | Quit the game

Illustrated notes

Levels and vault maps discovered:
D:1:      wander_arrival_peaceful_grave, layout_rooms
D:2:      layout_loops_ring, first_ration, uniq_terence
D:3:      layout_basic, led_sif_book, chequers_ecumenical_altar_simple,
          chequers_avenue, okawaru_ov_weapons_minmay

Skill      XL: |  1  2  3  4 |
---------------+-------------+-----
Ice Magic      | 4 5 |  5.0
Spellcasting   | 3 |  3.5
Dodging        | |  1.7
Stealth        | |  1.7

Action                   |  1- 3 |  4- 6 || total
-------------------------+-------+-------++-------
Melee: Unarmed           |    30 |     4 ||    34
       Mace              |       |    17 ||    17
 Cast: Freeze            |    52 |    19 ||    71
       Frozen Ramparts   |       |     3 ||     3
 Stab: Sleeping          |       |     1 ||     1
  Eat: Chunk             |     4 |     3 ||     7
Armor: Robe              |    14 |    11 ||    25
Dodge: Dodged            |    38 |    26 ||    64
